| TOP OF THE 1ST |
|
Kingsport Mets batting - Pitching for Philadelphia (APP) Phillies : LHP Cesar Andrade
|
|
Pitching: LHP Cesar Andrade
|
|
|
Batting: SHB Tyler Maddux
|
0-0: Ball 1-0: Ball 2-0: Fly out, F3 (Popup, 3SF, EV 82.5 MPH)
|
|
Batting: LHB Jeremy Moorehead
|
0-0: Called Strike 0-1: Ball 1-1: Swinging Strike 1-2: Ball 2-2: Foul Ball, location: 2F 2-2: Foul Ball, location: 2F 2-2: Ground out 4-3 (Groundball, 4MS, EV 82.5 MPH)
|
|
Batting: LHB Dan Bremseth
|
0-0: Called Strike 0-1: Fly out, F9 (Flyball, 89M, EV 93.8 MPH)
|
| Top of the 1st over - 0 runs, 0 hits, 0 errors, 0 left on base; Kingsport 0 - Philadelphia (APP) 0 |
| BOTTOM OF THE 1ST |
|
Philadelphia (APP) Phillies batting - Pitching for Kingsport Mets : RHP Andy Carrell
|
|
Pitching: RHP Andy Carrell
|
|
|
Batting: RHB Gary Sampson
|
0-0: Ball 1-0: Ball 2-0: Fly out, F9 (Flyball, 9, EV 78.8 MPH)
|
|
Batting: RHB Trent Hedrick
|
0-0: SINGLE (Line Drive, 34D, EV 98.8 MPH)
|
|
Batting: LHB Joel Moore
|
0-0: Called Strike Trent Hedrick is caught stealing 2nd base 2-6 0-1: Ball 1-1: Foul Ball, location: 2F 1-2: Ball 2-2: SINGLE (Line Drive, 4MD, EV 95.0 MPH)
|
|
Batting: RHB Allen Gravel
|
0-0: Called Strike 0-1: Fly out, F8 (Flyball, 89D, EV 82.5 MPH)
|
| Bottom of the 1st over - 0 runs, 2 hits, 0 errors, 1 left on base; Kingsport 0 - Philadelphia (APP) 0 |
| TOP OF THE 2ND |
|
Kingsport Mets batting - Pitching for Philadelphia (APP) Phillies : LHP Cesar Andrade
|
|
Batting: SHB Nick Daigle
|
0-0: Foul Ball, location: 2F 0-1: Ground out 6-3 (Groundball, 6M, EV 100.0 MPH)
|
|
Batting: RHB Coltin Nellis
|
0-0: Ball 1-0: Ground out U3 (Groundball, 34, EV 107.5 MPH)
|
|
Batting: LHB Matt Baker
|
0-0: Ball 1-0: Fly out, F7 (Flyball, 7LS, EV 80.0 MPH)
|
| Top of the 2nd over - 0 runs, 0 hits, 0 errors, 0 left on base; Kingsport 0 - Philadelphia (APP) 0 |
| BOTTOM OF THE 2ND |
|
Philadelphia (APP) Phillies batting - Pitching for Kingsport Mets : RHP Andy Carrell
|
|
Batting: RHB Danny Habermehl
|
0-0: SINGLE (Line Drive, 4MD, EV 102.5 MPH)
|
|
Batting: RHB Mike Bell
|
0-0: Ball 1-0: Called Strike 1-1: Ball 2-1: Called Strike 2-2: 2-RUN HOME RUN (Line Drive, 9D, EV 99.4 MPH), Distance : 358 ft
|
|
Batting: RHB Zach Slot
|
0-0: Ball 1-0: Ground out 4-3 (Groundball, 4S, EV 77.5 MPH)
|
|
Batting: LHB Jesse Haught
|
0-0: Ball 1-0: Foul Ball, location: 2F 1-1: Called Strike 1-2: Ball 2-2: Foul Ball, location: 2F 2-2: Strikes out swinging
|
|
Batting: RHB Guan-pei Gao
|
0-0: Swinging Strike 0-1: Foul Ball, location: 2F 0-2: Strikes out swinging
|
| Bottom of the 2nd over - 2 runs, 2 hits, 0 errors, 0 left on base; Kingsport 0 - Philadelphia (APP) 2 |
| TOP OF THE 3RD |
|
Kingsport Mets batting - Pitching for Philadelphia (APP) Phillies : LHP Cesar Andrade
|
|
Batting: RHB Chris Graham
|
0-0: Called Strike 0-1: Swinging Strike 0-2: Foul Ball, location: 2F 0-2: Ball 1-2: Ball 2-2: Ball 3-2: Base on Balls
|
|
Batting: RHB Andy Carrell
|
0-0: Fly out, F9 (Flyball, 9D, EV 103.1 MPH)
|
|
Batting: RHB Roberto Delgado
|
0-0: Ball 1-0: Called Strike 1-1: Fly out, F8 (Flyball, 8RD, EV 81.2 MPH)
|
|
Batting: SHB Tyler Maddux
|
0-0: Called Strike 0-1: Ball Chris Graham steals 2nd base 1-1: Ball 2-1: Swinging Strike 2-2: Foul Ball, location: 2F 2-2: Ball 3-2: SINGLE (Line Drive, 4D, EV 101.2 MPH) Chris Graham to third Runner from 3rd tries for Home, throw by CF and OUT! 8-2
|
| Top of the 3rd over - 0 runs, 1 hit, 0 errors, 1 left on base; Kingsport 0 - Philadelphia (APP) 2 |
| BOTTOM OF THE 3RD |
|
Philadelphia (APP) Phillies batting - Pitching for Kingsport Mets : RHP Andy Carrell
|
|
Batting: RHB Gary Sampson
|
0-0: Fly out, F9 (Flyball, 9S, EV 71.9 MPH)
|
|
Batting: RHB Trent Hedrick
|
0-0: Ground out 6-3 (Groundball, 6M, EV 104.4 MPH)
|
|
Batting: LHB Joel Moore
|
0-0: Called Strike 0-1: Ground out 6-3 (Groundball, 6, EV 103.1 MPH)
|
| Bottom of the 3rd over - 0 runs, 0 hits, 0 errors, 0 left on base; Kingsport 0 - Philadelphia (APP) 2 |
| TOP OF THE 4TH |
|
Kingsport Mets batting - Pitching for Philadelphia (APP) Phillies : LHP Cesar Andrade
|
|
Batting: LHB Jeremy Moorehead
|
0-0: Ball 1-0: Foul Ball, location: 2F 1-1: Foul Ball, location: 2F 1-2: Ball 2-2: SINGLE (Groundball, 3S, EV 68.1 MPH) (infield hit)
|
|
Batting: LHB Dan Bremseth
|
0-0: Swinging Strike 0-1: Ball 1-1: Foul Ball, location: 2F 1-2: Ball 2-2: Strikes out looking
|
|
Batting: SHB Nick Daigle
|
0-0: Ball 1-0: Foul Ball, location: 2F 1-1: Ball 2-1: Foul Ball, location: 2F 2-2: Ball Jeremy Moorehead steals 2nd base 3-2: Foul Ball, location: 2F 3-2: Base on Balls
|
|
Batting: RHB Coltin Nellis
|
0-0: Called Strike 0-1: Swinging Strike 0-2: Fly out, F8 (Line Drive, 8RM, EV 97.5 MPH)
|
|
Batting: LHB Matt Baker
|
0-0: Ball 1-0: Ground out 4-3 (Groundball, 4, EV 108.1 MPH)
|
| Top of the 4th over - 0 runs, 1 hit, 0 errors, 2 left on base; Kingsport 0 - Philadelphia (APP) 2 |
| BOTTOM OF THE 4TH |
|
Philadelphia (APP) Phillies batting - Pitching for Kingsport Mets : RHP Andy Carrell
|
|
Batting: RHB Allen Gravel
|
0-0: Called Strike 0-1: Ball 1-1: Ball 2-1: Ball 3-1: Ground out 1-3 (Groundball, 13S, EV 67.5 MPH)
|
|
Batting: RHB Danny Habermehl
|
0-0: Called Strike 0-1: Ball 1-1: Ground out 6-3 (Groundball, 6, EV 96.2 MPH)
|
|
Batting: RHB Mike Bell
|
0-0: Swinging Strike 0-1: Ball 1-1: Ball 2-1: Swinging Strike 2-2: Foul Ball, location: 2F 2-2: Strikes out swinging
|
| Bottom of the 4th over - 0 runs, 0 hits, 0 errors, 0 left on base; Kingsport 0 - Philadelphia (APP) 2 |
| TOP OF THE 5TH |
|
Kingsport Mets batting - Pitching for Philadelphia (APP) Phillies : LHP Cesar Andrade
|
|
Batting: RHB Chris Graham
|
0-0: Ball 1-0: Ground out 4-3 (Groundball, 4, EV 99.4 MPH)
|
|
Batting: RHB Andy Carrell
|
0-0: Called Strike 0-1: Foul Ball, location: 2F 0-2: Fly out, F7 (Flyball, 7, EV 83.1 MPH)
|
|
Batting: RHB Roberto Delgado
|
0-0: Called Strike 0-1: Ball 1-1: Called Strike 1-2: Strikes out swinging, 2-3 out at first.
|
| Top of the 5th over - 0 runs, 0 hits, 0 errors, 0 left on base; Kingsport 0 - Philadelphia (APP) 2 |
| BOTTOM OF THE 5TH |
|
Philadelphia (APP) Phillies batting - Pitching for Kingsport Mets : RHP Andy Carrell
|
|
Batting: RHB Zach Slot
|
0-0: Ball 1-0: Foul Ball, location: 2F 1-1: Ball 2-1: Ground out 4-3 (Groundball, 34, EV 76.9 MPH)
|
|
Batting: LHB Jesse Haught
|
0-0: Ball 1-0: Foul Ball, location: 2F 1-1: Fly out, F7 (Flyball, 7S, EV 90.6 MPH)
|
|
Batting: RHB Guan-pei Gao
|
0-0: Foul Ball, location: 2F 0-1: Ball 1-1: Ball 2-1: Ball 3-1: Base on Balls
|
|
Batting: RHB Gary Sampson
|
0-0: Ball 1-0: Swinging Strike 1-1: Ball Wild Pitch! Guan-pei Gao to second 2-1: Ball 3-1: Foul Ball, location: 2F 3-2: Strikes out swinging
|
| Bottom of the 5th over - 0 runs, 0 hits, 0 errors, 1 left on base; Kingsport 0 - Philadelphia (APP) 2 |
| TOP OF THE 6TH |
|
Kingsport Mets batting - Pitching for Philadelphia (APP) Phillies : LHP Cesar Andrade
|
|
Batting: SHB Tyler Maddux
|
0-0: Swinging Strike 0-1: SOLO HOME RUN (Flyball, 78XD, EV 106.9 MPH), Distance : 386 ft
|
|
Batting: LHB Jeremy Moorehead
|
0-0: Called Strike 0-1: Swinging Strike 0-2: Ball 1-2: SOLO HOME RUN (Flyball, 89XD, EV 103.8 MPH), Distance : 405 ft
|
|
Batting: LHB Dan Bremseth
|
0-0: Foul Ball, location: 2F 0-1: Foul Ball, location: 2F 0-2: Foul Ball, location: 2F 0-2: Ground out 5-3 (Groundball, 56S, EV 91.2 MPH)
|
|
Pitching: RHP Si-dao Xia
|
|
|
Batting: SHB Nick Daigle
|
0-0: Called Strike 0-1: Foul Ball, location: 2F 0-2: Ball 1-2: Fly out, F8 (Flyball, 8RD, EV 95.6 MPH)
|
|
Batting: RHB Coltin Nellis
|
0-0: Ball 1-0: Ball 2-0: Ground out 4-3 (Groundball, 4, EV 77.5 MPH)
|
| Top of the 6th over - 2 runs, 2 hits, 0 errors, 0 left on base; Kingsport 2 - Philadelphia (APP) 2 |
| BOTTOM OF THE 6TH |
|
Philadelphia (APP) Phillies batting - Pitching for Kingsport Mets : RHP Andy Carrell
|
|
Batting: RHB Trent Hedrick
|
0-0: Called Strike 0-1: Ball 1-1: Ball 2-1: Called Strike 2-2: Ground out 6-3 (Groundball, 6, EV 85.0 MPH)
|
|
Batting: LHB Joel Moore
|
0-0: Ball 1-0: Called Strike 1-1: Called Strike 1-2: Foul Ball, location: 2F 1-2: Fly out, F3 (Line Drive, 3, EV 69.4 MPH)
|
|
Batting: RHB Allen Gravel
|
0-0: Foul Ball, location: 2F 0-1: Called Strike 0-2: Ball 1-2: Ball 2-2: Ball 3-2: Base on Balls
|
|
Pitching: RHP Rob Fennell
|
|
|
Batting: RHB Danny Habermehl
|
0-0: Ball 1-0: Foul Ball, location: 2F 1-1: Ball 2-1: Swinging Strike 2-2: Ball 3-2: Base on Balls Allen Gravel to second
|
|
Batting: RHB Mike Bell
|
0-0: Foul Ball, location: 2F 0-1: Ball 1-1: Ball 2-1: Foul Ball, location: 2F 2-2: Strikes out swinging
|
| Bottom of the 6th over - 0 runs, 0 hits, 0 errors, 2 left on base; Kingsport 2 - Philadelphia (APP) 2 |
| TOP OF THE 7TH |
|
Kingsport Mets batting - Pitching for Philadelphia (APP) Phillies : RHP Si-dao Xia
|
|
Batting: LHB Matt Baker
|
0-0: Ball 1-0: Ball 2-0: Called Strike 2-1: Ball 3-1: Base on Balls
|
|
Batting: RHB Chris Graham
|
0-0: Called Strike Matt Baker steals 2nd, throwing error, E2 Matt Baker to third 0-1: Ball 1-1: Foul Ball, location: 2F 1-2: Fly out, F8 (Line Drive, 8LD, EV 95.6 MPH) Runner from 3rd tags up, SCORES, throw by CF
|
|
Batting: RHB Andy Carrell
|
0-0: Ball 1-0: Ball 2-0: Swinging Strike 2-1: Ball 3-1: Base on Balls
|
|
Batting: RHB Roberto Delgado
|
0-0: Called Strike 0-1: Ball 1-1: Ball 2-1: Ball 3-1: Base on Balls Andy Carrell to second
|
|
Batting: SHB Tyler Maddux
|
0-0: Fly out, F3 (Popup, 4S, EV 75.6 MPH)
|
|
Batting: LHB Jeremy Moorehead
|
0-0: Ball 1-0: Called Strike 1-1: Ground out 5-3 (Groundball, 56S, EV 84.4 MPH)
|
| Top of the 7th over - 1 run, 0 hits, 1 error, 2 left on base; Kingsport 3 - Philadelphia (APP) 2 |
| BOTTOM OF THE 7TH |
|
Philadelphia (APP) Phillies batting - Pitching for Kingsport Mets : RHP Rob Fennell
|
|
Pitching: LHP Tony Diaz
|
|
|
Batting: RHB Zach Slot
|
0-0: Ball 1-0: Ball 2-0: Called Strike 2-1: Ball 3-1: Foul Ball, location: 2F 3-2: Base on Balls
|
|
Batting: LHB Jesse Haught
|
0-0: Ball 1-0: Ball 2-0: Called Strike 2-1: Fielders Choice at 2nd, 5-4 (Groundball, 56, EV 78.1 MPH)
|
|
Batting: RHB Guan-pei Gao
|
0-0: Swinging Strike 0-1: SINGLE (Line Drive, 6D, EV 105.0 MPH) Jesse Haught to second
|
|
Batting: RHB Gary Sampson
|
0-0: Ball 1-0: Called Strike 1-1: 3-RUN HOME RUN (Flyball, 7LD, EV 95.0 MPH), Distance : 351 ft
|
|
Pitching: RHP Jose Herrera
|
|
|
Batting: RHB Trent Hedrick
|
0-0: Called Strike 0-1: Foul Ball, location: 2F 0-2: Ball 1-2: Foul Ball, location: 2F 1-2: Foul Ball, location: 2F 1-2: SINGLE (Groundball, 56D, EV 108.1 MPH)
|
|
Batting: LHB Joel Moore
|
0-0: Called Strike Trent Hedrick steals 2nd base 0-1: Ground out 4-3 (Groundball, 4, EV 95.6 MPH) Trent Hedrick to third
|
|
Batting: RHB Allen Gravel
|
0-0: SINGLE (Flyball, 9LS, EV 91.9 MPH) Trent Hedrick scores
|
|
Batting: RHB Danny Habermehl
|
0-0: Called Strike 0-1: Ball 1-1: Foul Ball, location: 2F 1-2: Fly out, F6 (Popup, 4MS, EV 80.6 MPH)
|
| Bottom of the 7th over - 4 runs, 4 hits, 0 errors, 1 left on base; Kingsport 3 - Philadelphia (APP) 6 |
| TOP OF THE 8TH |
|
Kingsport Mets batting - Pitching for Philadelphia (APP) Phillies : RHP Si-dao Xia
|
|
Batting: LHB Dan Bremseth
|
0-0: DOUBLE (Flyball, 78XD, EV 101.2 MPH)
|
|
Batting: SHB Nick Daigle
|
0-0: Called Strike 0-1: Ball 1-1: Foul Ball, location: 2F 1-2: Foul Ball, location: 2F 1-2: Strikes out swinging
|
|
Batting: RHB Coltin Nellis
|
0-0: Ball 1-0: Ball 2-0: Foul Ball, location: 2F 2-1: Ball 3-1: Base on Balls
|
|
Batting: LHB Matt Baker
|
0-0: Called Strike 0-1: Ball 1-1: Ball 2-1: SINGLE (Groundball, 4M, EV 108.8 MPH) (infield hit) Dan Bremseth to third Coltin Nellis to second
|
|
Pitching: RHP Manny Campos
|
|
|
Pinch Hitting: LHB Miguel Ramos
|
0-0: Ball 1-0: Ball 2-0: Ball 3-0: Base on Balls Dan Bremseth scores Coltin Nellis to third Matt Baker to second
|
|
Batting: RHB Andy Carrell
|
0-0: Ball 1-0: Foul Ball, location: 2F 1-1: Ball 2-1: Grounds into fielders choice 6-2 (Groundball, 6, EV 110.0 MPH) Matt Baker to third Miguel Ramos to second
|
|
Pinch Hitting: LHB Jason Jones
|
0-0: Fly out, F4 (Line Drive, 4, EV 75.0 MPH)
|
| Top of the 8th over - 1 run, 2 hits, 0 errors, 3 left on base; Kingsport 4 - Philadelphia (APP) 6 |
| BOTTOM OF THE 8TH |
|
Philadelphia (APP) Phillies batting - Pitching for Kingsport Mets : RHP Jose Herrera
|
|
Pitching: RHP Antonio Reyes
|
|
|
Now at 1B: Miguel Ramos
|
|
|
Now at SS: Warren Carmichael
|
|
|
Batting: RHB Mike Bell
|
0-0: Called Strike 0-1: Ball 1-1: Ground out 2-3 (Groundball, 15S, EV 60.6 MPH)
|
|
Batting: RHB Zach Slot
|
0-0: Called Strike 0-1: Ball 1-1: Called Strike 1-2: Ball 2-2: Foul Ball, location: 2F 2-2: Ball 3-2: Base on Balls
|
|
Batting: LHB Jesse Haught
|
0-0: Ball 1-0: Fly out, F4 (Line Drive, 4, EV 68.8 MPH) Lined into DP, 4-3 (Line Drive, 4, EV 67.5 MPH)
|
| Bottom of the 8th over - 0 runs, 0 hits, 0 errors, 0 left on base; Kingsport 4 - Philadelphia (APP) 6 |
| TOP OF THE 9TH |
|
Kingsport Mets batting - Pitching for Philadelphia (APP) Phillies : RHP Manny Campos
|
|
Pitching: RHP Ramon Mena
|
|
|
Batting: SHB Tyler Maddux
|
0-0: Ball 1-0: Called Strike 1-1: Called Strike 1-2: Strikes out swinging
|
|
Batting: LHB Jeremy Moorehead
|
0-0: Foul Ball, location: 2F 0-1: Swinging Strike 0-2: Ball 1-2: Ball 2-2: Ball 3-2: Base on Balls
|
|
Batting: LHB Dan Bremseth
|
0-0: Ball 1-0: Called Strike 1-1: Called Strike 1-2: Fly out, F9 (Flyball, 9, EV 93.8 MPH)
|
|
Batting: SHB Nick Daigle
|
0-0: Foul Ball, location: 2F 0-1: Ball 1-1: SINGLE (Line Drive, 4D, EV 101.2 MPH) Jeremy Moorehead to second
|
|
Batting: RHB Coltin Nellis
|
0-0: Ball 1-0: Ball 2-0: Ball 3-0: Base on Balls Jeremy Moorehead to third Nick Daigle to second
|
|
Batting: LHB Matt Baker
|
0-0: Foul Ball, location: 2F 0-1: Ball Wild Pitch! Jeremy Moorehead scores Nick Daigle to third Coltin Nellis to second 1-1: Ball 2-1: Ball 3-1: Base on Balls
|
|
Batting: LHB Miguel Ramos
|
0-0: Ball 1-0: Ball 2-0: Swinging Strike 2-1: Ball 3-1: Base on Balls Nick Daigle scores Coltin Nellis to third Matt Baker to second
|
|
Pitching: RHP David Oviedo
|
|
|
Batting: RHB Andy Carrell
|
0-0: Ball 1-0: Fly out, F9 (Flyball, 9LS, EV 91.9 MPH)
|
| Top of the 9th over - 2 runs, 1 hit, 0 errors, 3 left on base; Kingsport 6 - Philadelphia (APP) 6 |
| BOTTOM OF THE 9TH |
|
Philadelphia (APP) Phillies batting - Pitching for Kingsport Mets : RHP Antonio Reyes
|
|
Batting: RHB Guan-pei Gao
|
0-0: Ball 1-0: Called Strike 1-1: Foul Ball, location: 2F 1-2: Fly out, F8 (Flyball, 8LXD, EV 94.4 MPH)
|
|
Batting: RHB Gary Sampson
|
0-0: Called Strike 0-1: Foul Ball, location: 2F 0-2: Foul Ball, location: 2F 0-2: Ball 1-2: Foul Ball, location: 2F 1-2: Ball 2-2: Ball 3-2: Foul Ball, location: 2F 3-2: Foul Ball, location: 2F 3-2: Base on Balls
|
|
Batting: RHB Trent Hedrick
|
0-0: Ball Gary Sampson steals 2nd, throwing error, E2 Gary Sampson to third 1-0: SINGLE (Groundball, 34, EV 101.2 MPH) Gary Sampson scores
|
| Bottom of the 9th over - 1 run, 1 hit, 1 error, 1 left on base; Kingsport 6 - Philadelphia (APP) 7 |
|